[Event "Titled Tuesday Blitz November 01 Late 2022"]
[White "Jimenez Fernandez, Rebeca"]
[Black "Dahlgren, James Allen"]
[WhiteFideId "32070934"]
[BlackFideId "22256873"]
[WhiteElo "1946"]
[BlackElo "2189"]
[Result "1-0"]
[Round "10"]
[TimeControl "180+1"]
[Date "2022.11.02"]
[WhiteClock "0:00:59"]
[BlackClock "0:00:12"]

1. e4 e6 2. d3 c5 3. Nf3 d5 4. Nbd2 Nf6 5. g3 Be7 6. Bg2 Nc6 7. O-O O-O 8. Re1 b5 9. e5 Nd7 10. Nf1 a5 11. h4 b4 12. N1h2 a4 13. h5 Ba6 14. a3 b3 15. c3 Qc7 16. Bf4 d4 17. c4 Bb7 18. h6 g6 19. Ng4 Rae8 20. Qd2 Nd8 21. Bg5 Bxg5 22. Qxg5 Bc6 23. Nf6+ Kh8 24. Nxe8 Rxe8 25. Qf4 f6 26. exf6 Qxf4 27. gxf4 Nxf6 28. Ng5 Bxg2 29. Kxg2 Kg8 30. Re5 Nd7 31. Re2 e5 32. Rae1 Nf7 33. fxe5 Nxg5 34. e6 Nf6 35. Re5 Rxe6 36. Rxe6 Nxe6 37. Rxe6 Kf7 38. Ra6 Ke7 39. Ra7+ Ke6 40. Rxa4 Ne4 41. Ra6+ Ke5 42. dxe4 Kxe4 43. Kf1 Kd3 44. Ra7 Kc2 45. Rxh7 Kxb2 46. Rb7 d3 47. h7 Kc2 48. h8=Q d2 49. Rd7 d1=Q+ 50. Rxd1 Kxd1 51. Qb2 1-0


[Site "https://www.chess.com"]

[Event "Titled Tuesday Blitz November 01 Late 2022"]
[White "Jobava, Baadur"]
[Black "Kollars, Dmitrij"]
[WhiteFideId "13601520"]
[BlackFideId "12909572"]
[WhiteElo "2582"]
[BlackElo "2584"]
[Result "1-0"]
[Round "10"]
[TimeControl "180+1"]
[Date "2022.11.01"]
[WhiteClock "0:01:59"]
[BlackClock "0:00:01"]

1. b3 e5 2. Bb2 Nc6 3. Nf3 e4 4. Nd4 Nf6 5. e3 Bc5 6. Nf5 g6 7. Ng3 d5 8. d3 Bg4 9. Be2 Bxe2 10. Qxe2 O-O 11. O-O Re8 12. Rd1 exd3 13. Qxd3 Bd6 14. Bxf6 Qxf6 15. Nc3 Nb4 16. Nxd5 Qxa1 17. Rxa1 Nxd3 18. Nf6+ Kf8 19. Nxe8 Be5 20. Nxc7 Rc8 21. Rb1 Nxf2 22. Kxf2 Rxc7 23. c4 Rd7 24. Ke2 Bxg3 25. hxg3 Kg7 26. Rd1 Re7 27. Rd5 Kf6 28. Kd3 h5 29. c5 g5 30. b4 a6 31. a4 Re6 32. b5 axb5 33. axb5 h4 34. g4 Kg6 35. Kd4 f6 36. Rd7 b6 37. c6 Re5 38. Rd5 Re7 39. Rd6 Re5 40. c7 1-0


[Site "https://www.chess.com"]

[Event "Titled Tuesday Blitz November 01 Late 2022"]
[White "Jones, Gawain C B"]
[Black "Sanal, Vahap"]
[WhiteFideId "409561"]
[BlackFideId "6300545"]
[WhiteElo "2657"]
[BlackElo "2574"]
[Result "0-1"]
[Round "10"]
[TimeControl "180+1"]
[Date "2022.11.01"]
[WhiteClock "0:00:04"]
[BlackClock "0:01:34"]

1. e4 d6 2. d4 Nf6 3. Nc3 e5 4. Nge2 Nbd7 5. h3 Be7 6. g4 O-O 7. Ng3 c6 8. g5 Ne8 9. Nf5 Bxg5 10. Rg1 Bxc1 11. Rxc1 Qf6 12. Ne3 exd4 13. Ng4 Qg5 14. Ne2 h5 15. Ne3 Qa5+ 16. b4 Qxb4+ 17. c3 dxc3 18. Nxc3 Ndf6 19. Bc4 Nxe4 20. Qd4 d5 21. Kf1 Qb6 22. Qxb6 axb6 23. Nxe4 dxe4 24. Rd1 Bxh3+ 25. Ke2 b5 26. Bb3 Nf6 27. Rd6 Be6 28. Nc2 Bxb3 29. axb3 Ra2 0-1


[Site "https://www.chess.com"]

[Event "Titled Tuesday Blitz November 01 Late 2022"]
[White "Kamsky, Gata"]
[Black "Plat, Vojtech"]
[WhiteFideId "2000024"]
[BlackFideId "325740"]
[WhiteElo "2666"]
[BlackElo "2514"]
[Result "0-1"]
[Round "10"]
[TimeControl "180+1"]
[Date "2022.11.01"]
[WhiteClock "0:00:08"]
[BlackClock "0:00:20"]

1. e4 d6 2. d4 Nf6 3. Nc3 e5 4. dxe5 dxe5 5. Qxd8+ Kxd8 6. Bc4 Be6 7. Bxe6 fxe6 8. f3 Nc6 9. Be3 Bb4 10. O-O-O+ Ke7 11. Na4 Nd7 12. b3 b5 13. Nb2 a5 14. Nd3 Ba3+ 15. Kb1 a4 16. Ne2 Rhb8 17. c3 axb3 18. axb3 Bd6 19. Kb2 Na5 20. Ra1 c5 21. Kc2 c4 22. bxc4 Nxc4 23. Bf2 Ra4 24. Nb2 Nxb2 25. Kxb2 Bc5 26. Bg3 Nb6 27. Kb3 Bd6 28. Rhd1 Rba8 29. Rxa4 Rxa4 30. Nc1 Nc4 31. Bf2 Ra1 32. Kc2 Ba3 33. Nd3 Ra2+ 34. Kb3 Re2 35. Bg3 Bd6 36. Ra1 Rd2 37. Ra7+ Kf6 0-1


[Site "https://www.chess.com"]

[Event "Titled Tuesday Blitz November 01 Late 2022"]
[White "Kanyamarala, Trisha"]
[Black "Luxama, Jacques Muller"]
[WhiteFideId "45004722"]
[BlackFideId "11900113"]
[WhiteElo "2099"]
[BlackElo "1931"]
[Result "0-1"]
[Round "10"]
[TimeControl "180+1"]
[Date "2022.11.02"]
[WhiteClock "0:00:23"]
[BlackClock "0:00:50"]

1. c4 Nf6 2. Nc3 e6 3. e4 d6 4. d4 Nbd7 5. Nf3 Be7 6. g3 O-O 7. Bg2 e5 8. O-O exd4 9. Nxd4 Ne5 10. Qe2 Bg4 11. f3 Bd7 12. Be3 Nc6 13. Rfd1 Qc8 14. Rac1 Re8 15. Nd5 Nxd4 16. Bxd4 Nxd5 17. cxd5 c5 18. dxc6 bxc6 19. b4 Qb7 20. Qb2 Bf8 21. a3 a5 22. Be3 axb4 23. axb4 Ra4 24. Rb1 Rb8 25. b5 cxb5 26. Bf4 Be6 27. Bxd6 Qb6+ 28. Kh1 Bxd6 29. f4 Bf8 30. f5 Bc4 31. e5 Ra2 32. Qc3 Qf2 33. Rg1 Bd5 34. Rb2 Rxb2 35. Qxb2 Qxb2 36. Bxd5 Rd8 37. e6 Rxd5 38. exf7+ Kxf7 0-1


[Site "https://www.chess.com"]

[Event "Titled Tuesday Blitz November 01 Late 2022"]
[White "Khripachenko, Alexander"]
[Black "Djordjevic, Vuk"]
[WhiteFideId "54184975"]
[BlackFideId "902098"]
[WhiteElo "2201"]
[BlackElo "2456"]
[Result "0-1"]
[Round "10"]
[TimeControl "180+1"]
[Date "2022.11.01"]
[WhiteClock "0:00:03"]
[BlackClock "0:00:04"]

1. e4 e6 2. d4 d5 3. Nd2 Be7 4. Ngf3 Nf6 5. e5 Nfd7 6. Bd3 c5 7. c3 b6 8. O-O Ba6 9. Bxa6 Nxa6 10. c4 Nc7 11. Re1 O-O 12. b3 cxd4 13. Nxd4 Bc5 14. Bb2 Qh4 15. N2f3 Qh5 16. Qd3 dxc4 17. Qxc4 Nd5 18. Qa4 Rfd8 19. Nc6 Rdc8 20. Rac1 Rc7 21. b4 Bf8 22. b5 Nc5 23. Qd4 a6 24. Nb4 Nxb4 25. Qxb4 Nd3 26. Qe4 Rxc1 27. Rxc1 Rd8 28. Rd1 Nxf2 29. Rxd8 Nxe4 30. bxa6 Qh6 31. h3 Qe3+ 32. Kh2 Qf4+ 33. Kg1 Qe3+ 34. Kh2 b5 35. Bd4 Qf4+ 36. Kg1 Qc1+ 37. Kh2 Qc7 38. Ra8 Qc6 39. Ra7 Nc5 40. Bxc5 Qxc5 41. Rb7 Qa3 42. a7 h6 43. Nd4 Kh7 44. Nc6 Qa6 45. Rb8 Qxc6 46. a8=Q Qxa8 47. Rxa8 Bc5 48. Rc8 Bd4 49. Rc2 Bxe5+ 50. Kg1 b4 51. Kf2 Kg6 52. Kf3 Bd6 53. Rc4 Be7 54. Rc6 Kf6 55. g4 g6 56. Rc7 Bf8 57. Rb7 Bd6 58. Ke4 Bf8 59. Rd7 Bc5 60. Rc7 Bd6 61. Rc8 Ke7 62. Rc6 f5+ 63. Kf3 e5 64. Ke3 Ke6 65. Rc8 Kd5 66. Rh8 Bc5+ 67. Ke2 e4 68. Rxh6 f4 69. Rxg6 f3+ 70. Kf1 e3 71. Rf6 b3 72. axb3 e2+ 73. Ke1 Bb4+ 0-1


[Site "https://www.chess.com"]

[Event "Titled Tuesday Blitz November 01 Late 2022"]
[White "Kirillov, Dmitry"]
[Black "Sanchez, Robert"]
[WhiteFideId "34180572"]
[BlackFideId "2034360"]
[WhiteElo "2095"]
[BlackElo "2397"]
[Result "1-0"]
[Round "10"]
[TimeControl "180+1"]
[Date "2022.11.02"]
[WhiteClock "0:00:03"]
[BlackClock "0:00:01"]

1. e4 e6 2. d4 d5 3. Nd2 Nf6 4. e5 Nfd7 5. Bd3 c5 6. c3 Nc6 7. Ne2 cxd4 8. cxd4 f6 9. exf6 Nxf6 10. Nf3 Bd6 11. O-O Qc7 12. Ng3 O-O 13. Re1 Bd7 14. a3 e5 15. dxe5 Nxe5 16. Nxe5 Bxe5 17. Bg5 Ng4 18. Re2 Qb6 19. Qd2 Rf7 20. Rae1 Raf8 21. Rf1 Bd4 22. Nh1 h6 23. Bh4 g5 24. Bg3 Qf6 25. h3 Ne5 26. Bb1 Bb5 27. Rfe1 Bxe2 28. Rxe2 Nc4 29. Qd3 Nxb2 30. Qc2 Nc4 31. Qd3 Ne5 32. Qc2 1-0


[Site "https://www.chess.com"]

[Event "Titled Tuesday Blitz November 01 Late 2022"]
[White "Kobla, Vishal"]
[Black "Burke, Paul"]
[WhiteFideId "2078457"]
[BlackFideId "2605767"]
[WhiteElo "1972"]
[BlackElo "1890"]
[Result "1-0"]
[Round "10"]
[TimeControl "180+1"]
[Date "2022.11.02"]
[WhiteClock "0:02:24"]
[BlackClock "0:01:55"]

1. e4 e5 2. Nf3 Nc6 3. Bc4 Be7 4. d4 exd4 5. c3 Nf6 6. e5 Ne4 7. cxd4 d5 8. exd6 Nxd6 9. Bb3 O-O 10. h3 Bf6 11. Nc3 Re8+ 12. Be3 Nf5 13. O-O Nxe3 14. fxe3 Rxe3 15. Nd5 Be6 16. Nxe3 1-0


[Site "https://www.chess.com"]

[Event "Titled Tuesday Blitz November 01 Late 2022"]
[White "Krzyzanowski, Marcin"]
[Black "Pakleza, Zbigniew"]
[WhiteFideId "1132199"]
[BlackFideId "1119290"]
[WhiteElo "2435"]
[BlackElo "2411"]
[Result "1/2-1/2"]
[Round "10"]
[TimeControl "180+1"]
[Date "2022.11.01"]
[WhiteClock "0:01:21"]
[BlackClock "0:00:37"]

1. d4 d5 2. c3 Nf6 3. Bf4 c6 4. e3 Bf5 5. Nd2 e6 6. h3 h6 7. Ngf3 Nbd7 8. Qb3 Qb6 9. Ne5 Be7 10. g4 Bh7 11. c4 Bb4 12. Nxd7 Kxd7 13. O-O-O Be7 14. c5 Qxb3 15. axb3 Ne4 16. Nxe4 Bxe4 17. Rg1 g5 18. Be5 f6 19. Bg3 Bf3 20. Rd2 h5 21. Be2 hxg4 22. hxg4 Bxe2 23. Rxe2 f5 24. Be5 Rh4 25. gxf5 exf5 26. Kd2 Rf8 27. Ree1 Rf7 28. Rg2 Rfh7 29. Reg1 R7h5 30. Ke2 a6 31. Bg3 Rh3 32. Be5 Ke6 1/2-1/2


[Site "https://www.chess.com"]

[Event "Titled Tuesday Blitz November 01 Late 2022"]
[White "Lazavik, Denis"]
[Black "Rasulov, Vugar"]
[WhiteFideId "13515110"]
[BlackFideId "13402390"]
[WhiteElo "2437"]
[BlackElo "2509"]
[Result "1/2-1/2"]
[Round "10"]
[TimeControl "180+1"]
[Date "2022.11.01"]
[WhiteClock "0:00:08"]
[BlackClock "0:00:02"]

1. d4 Nf6 2. c4 e6 3. g3 c5 4. d5 exd5 5. cxd5 d6 6. Nc3 g6 7. Bg2 Bg7 8. Nf3 O-O 9. O-O Re8 10. Re1 a6 11. a4 Nbd7 12. Bf4 Qc7 13. e4 Ng4 14. Qc2 Rb8 15. Bf1 Nge5 16. Nd2 c4 17. a5 b5 18. axb6 Rxb6 19. Be3 Rb4 20. Ra4 a5 21. Rxb4 axb4 22. Nb5 Qb8 23. Nd4 b3 24. Qc1 Nc5 25. Nc6 Nxc6 26. dxc6 c3 27. bxc3 Be6 28. Bd4 Qb6 29. Qa3 Qxc6 30. Qb4 Qc7 31. Bxg7 Kxg7 32. Qd4+ Kg8 33. Bc4 Rb8 34. Rb1 b2 35. Bxe6 Nxe6 36. Qc4 Qa5 37. Kg2 Nc5 38. Qd4 Rb6 39. h4 h5 40. Nc4 Qa2 41. Nd2 Na4 42. c4 Nc5 43. e5 Qa8+ 44. Kg1 Qc6 45. exd6 Ne6 46. Qe5 Qc5 47. Qc3 Rxd6 48. Rxb2 Nd4 49. Ne4 Qe5 50. Qe3 Re6 51. Rd2 Nf5 52. Rd8+ Kg7 53. Qc3 Qxc3 54. Nxc3 Rc6 55. Ne4 Rxc4 56. Ng5 Rc1+ 57. Kg2 Rc7 58. Ra8 Re7 59. Ra6 Nd4 60. Rd6 Nf5 61. Rd5 f6 62. Nh3 Re2 63. Ra5 Kh6 64. Nf4 Rb2 65. Ra6 Ne3+ 66. Kf3 Ng4 67. Nh3 Rb3+ 68. Kg2 Rb2 69. Ra8 Rc2 70. Kg1 Kg7 71. Ra7+ Kh6 72. Rb7 Ne5 73. Kg2 g5 74. hxg5+ fxg5 75. Rb6+ Ng6 76. Ra6 Rd2 77. Ng1 g4 78. Kf1 Kg5 79. Ra5+ Kf6 80. Rxh5 Ne5 81. Rh6+ Kg5 82. Re6 Kf5 83. Re8 Rd1+ 84. Kg2 Nd3 85. Rf8+ Kg6 86. Rg8+ Kf5 87. Rf8+ Ke6 88. Ra8 Ne1+ 89. Kh2 Rd2 90. Rf8 Nd3 91. Kg2 Ne1+ 92. Kf1 Nd3 93. Re8+ Kf7 94. Re2 Rd1+ 95. Kg2 Ne1+ 96. Kh2 Kf6 97. Re4 Kf5 98. Rf4+ Kg5 99. Rf8 Nd3 100. f4+ Kg6 101. Kg2 Rd2+ 102. Kh1 Nf2+ 103. Kg2 Ne4+ 104. Kf1 Nxg3+ 105. Ke1 Rg2 106. f5+ Kg5 107. f6 Ne4 108. Ne2 Nxf6 109. Kf1 Rh2 110. Ng3 Rh3 111. Kg2 Kg6 112. Ra8 Rh7 113. Ra6 Re7 114. Rb6 Re5 115. Kf2 Kg5 116. Rb8 Nd7 117. Rg8+ Kf4 118. Rg7 Nc5 119. Rf7+ Kg5 120. Rg7+ Kf4 121. Rf7+ Kg5 122. Rg7+ Kf6 123. Rxg4 Nd3+ 124. Kg2 Re3 125. Ra4 Ke5 126. Ra5+ Kf4 127. Ra4+ Ke5 128. Nf1 Nf4+ 129. Rxf4 Kxf4 130. Nxe3 1/2-1/2


[Site "https://www.chess.com"]

[Event "Titled Tuesday Blitz November 01 Late 2022"]
[White "Lehtosaari, Mauri"]
[Black "Grot, Blazej"]
[WhiteFideId "501999"]
[BlackFideId "21835845"]
[WhiteElo "2507"]
[BlackElo "1739"]
[Result "1/2-1/2"]
[Round "10"]
[TimeControl "180+1"]
[Date "2022.11.02"]
[WhiteClock "0:00:04"]
[BlackClock "0:00:04"]

1. d4 d6 2. Nf3 Nf6 3. Bg5 Bg4 4. Nbd2 Nbd7 5. c4 e5 6. Qb3 Rb8 7. h3 Bxf3 8. Nxf3 h6 9. Bxf6 Qxf6 10. e3 Be7 11. Be2 O-O 12. O-O Rfe8 13. Rfe1 Bf8 14. Qa4 Nb6 15. Qxa7 e4 16. Nd2 Qe7 17. Qa5 g6 18. Nf1 Bg7 19. Qd2 Nd7 20. Rac1 c5 21. b4 cxd4 22. exd4 Qf6 23. Red1 Ra8 24. Ne3 Qg5 25. Nd5 Qxd2 26. Rxd2 Ra3 27. c5 dxc5 28. bxc5 Rea8 29. Bc4 h5 30. Re2 Bxd4 31. Rxe4 Bxc5 32. Bb3 b6 33. Nf4 Nf6 34. Re2 R3a7 35. Nxg6 Kg7 36. Nf4 Re7 37. Rxe7 Bxe7 38. g3 Rd8 39. Rc2 Bc5 40. Kg2 Ne4 41. Re2 Nxf2 42. Rxf2 Bxf2 43. Kxf2 h4 44. gxh4 Rd2+ 45. Kf3 f6 46. h5 Kh6 47. Nd5 Kxh5 48. Nxf6+ Kh4 49. Nd5 b5 50. Ke3 Rh2 51. Nc3 Rxh3+ 52. Kd4 b4 53. Nd5 Rg3 54. Nxb4 Kg5 55. Kc4 Kf6 56. a4 Ke7 57. a5 Kd7 58. Ba4+ Kc7 59. Nd5+ Kb7 60. Bb5 Rg1 61. Kc5 Rc1+ 62. Bc4 Ka7 63. Nb4 Ra1 64. Nc6+ Kb7 65. Bb5 Rc1+ 66. Bc4 Ra1 67. Kb4 Rb1+ 68. Kc5 Rh1 69. Bd5 Rc1+ 70. Kb5 Ra1 71. Kc5 Rc1+ 72. Kd6 Ka6 73. Ke6 Rb1 74. Kd6 Ra1 75. Kd7 Rxa5 76. Nxa5 Kxa5 1/2-1/2


[Site "https://www.chess.com"]

[Event "Titled Tuesday Blitz November 01 Late 2022"]
[White "Maksimovic, Bojan"]
[Black "Weetik, Vjacheslav"]
[WhiteFideId "14408120"]
[BlackFideId "4153472"]
[WhiteElo "2447"]
[BlackElo "2469"]
[Result "0-1"]
[Round "10"]
[TimeControl "180+1"]
[Date "2022.11.01"]
[WhiteClock "0:00:01"]
[BlackClock "0:00:06"]

1. e4 c5 2. Nf3 Nc6 3. d4 cxd4 4. Nxd4 g6 5. Nc3 Bg7 6. Be3 Nf6 7. Nxc6 bxc6 8. e5 Ng8 9. Bd4 Qa5 10. f4 f6 11. Qe2 fxe5 12. Bxe5 Nf6 13. O-O-O O-O 14. Bd4 d6 15. Qxe7 Bg4 16. Qxd6 Bxd1 17. Bc4+ Kh8 18. Rxd1 Rad8 19. Qxc6 Rc8 20. Qb5 Qc7 21. Bb3 Qxf4+ 22. Kb1 Rcd8 23. Ne2 Qg4 24. c3 Rfe8 25. Bc4 Qxg2 26. a4 Ne4 27. Bxg7+ Kxg7 28. Rxd8 Rxd8 29. Qe5+ Kh6 30. Qf4+ Kg7 31. Qe5+ Kh6 32. Ka2 Nd2 33. Be6 Qg5 34. Qc7 Re8 35. Bd7 Re7 36. Nd4 Qe5 37. Qxe5 Rxe5 38. Nc6 Re2 0-1


[Site "https://www.chess.com"]

[Event "Titled Tuesday Blitz November 01 Late 2022"]
[White "Malka, Samuel"]
[Black "Roque Sola, Gisela"]
[WhiteFideId "20643675"]
[BlackFideId "5120241"]
[WhiteElo "2457"]
[BlackElo "1961"]
[Result "1-0"]
[Round "10"]
[TimeControl "180+1"]
[Date "2022.11.02"]
[WhiteClock "0:00:16"]
[BlackClock "0:00:02"]

1. d4 Nf6 2. c4 e6 3. g3 d5 4. Nf3 Be7 5. Bg2 O-O 6. O-O dxc4 7. Qc2 a6 8. a4 Bd7 9. Qxc4 Bc6 10. Bg5 h6 11. Bxf6 Bxf6 12. Rd1 Nd7 13. a5 Bd5 14. Qc2 Qe7 15. e4 Bc6 16. e5 Bg5 17. h4 Bxf3 18. Bxf3 Bxh4 19. gxh4 Qxh4 20. Qe4 Qe7 21. Nc3 f5 22. Qxb7 Rab8 23. Qxa6 Rxb2 24. Ra2 Qg5+ 25. Kf1 Rfb8 26. Qd3 Qh4 27. Rxb2 Rxb2 28. Rd2 Rb3 29. a6 Ra3 30. Ra2 Rxa2 31. Nxa2 Nb6 32. a7 Qd8 33. Nc3 c5 34. d5 c4 35. Qd4 exd5 36. Qxb6 Qxb6 37. a8=Q+ Kh7 38. Qxd5 Qb2 39. Qxc4 Qc1+ 40. Kg2 Qg5+ 41. Kf1 Qc1+ 42. Ke2 Qc2+ 43. Ke3 f4+ 44. Kxf4 Qxf2 45. Qe4+ Kg8 46. Qd5+ Kh7 47. Qd3+ Kh8 48. Qe3 Qh2+ 49. Ke4 Qh4+ 50. Kd3 Qd8+ 51. Qd4 Qf8 52. Be4 Qf1+ 53. Ke3 Qg1+ 54. Kd3 Qf1+ 55. Ne2 Qb1+ 56. Ke3 Qb8 57. Qd6 Qb3+ 58. Qd3 Qb6+ 59. Nd4 h5 60. Qb3 Qh6+ 61. Kd3 g5 62. Qb8+ Kg7 63. Nf5+ 1-0


[Site "https://www.chess.com"]

[Event "Titled Tuesday Blitz November 01 Late 2022"]
[White "Marcolino, Daniel Mattos"]
[Black "Buchenau, Frank"]
[WhiteFideId "2106841"]
[BlackFideId "4604350"]
[WhiteElo "2098"]
[BlackElo "2157"]
[Result "0-1"]
[Round "10"]
[TimeControl "180+1"]
[Date "2022.11.02"]
[WhiteClock "0:00:02"]
[BlackClock "0:00:19"]

1. d4 e6 2. Nf3 Nf6 3. g3 b6 4. Bg2 Bb7 5. O-O Be7 6. c4 O-O 7. Nc3 Ne4 8. Qc2 Nxc3 9. Qxc3 f5 10. Rd1 Bf6 11. Ne5 Bxg2 12. Kxg2 Bxe5 13. dxe5 Qc8 14. Qf3 Nc6 15. Bf4 Ne7 16. h4 Ng6 17. Rd2 Nxf4+ 18. Qxf4 Qb7+ 19. Qf3 Qxf3+ 20. Kxf3 Rf7 21. Rad1 Rd8 22. b4 Kf8 23. b5 Ke8 24. e4 fxe4+ 25. Kxe4 a6 26. a4 Ra8 27. f4 axb5 28. axb5 Ra4 29. Rd4 h5 30. R1d3 Kd8 31. Rd2 Kc8 32. R2d3 Ra1 33. Rd1 Rxd1 34. Rxd1 Kb7 35. Rd4 c6 36. Rd6 cxb5 37. cxb5 Kc7 38. Kf3 Rf8 39. g4 Ra8 40. Rd3 hxg4+ 41. Kxg4 Ra5 42. Rb3 Ra1 43. h5 Rg1+ 44. Kh4 d5 45. exd6+ Kxd6 46. Rb4 Kd5 47. Rb2 Kc5 48. Kh3 Re1 49. Kg4 Re4 50. Kg5 Re1 0-1


[Site "https://www.chess.com"]

[Event "Titled Tuesday Blitz November 01 Late 2022"]
[White "Matinian, Nikita"]
[Black "Piesik, Piotr"]
[WhiteFideId "24129100"]
[BlackFideId "1136194"]
[WhiteElo "2422"]
[BlackElo "2323"]
[Result "1-0"]
[Round "10"]
[TimeControl "180+1"]
[Date "2022.11.01"]
[WhiteClock "0:00:04"]
[BlackClock "0:00:02"]

1. e4 g6 2. d4 Bg7 3. Nc3 c6 4. f4 d5 5. e5 Nh6 6. Be3 Ng4 7. Qd2 Nxe3 8. Qxe3 h5 9. O-O-O Bf5 10. Nf3 e6 11. g3 Bg4 12. h3 Bxf3 13. Qxf3 Nd7 14. g4 hxg4 15. hxg4 Rxh1 16. Qxh1 Qe7 17. f5 gxf5 18. gxf5 Qg5+ 19. Kb1 Qxf5 20. Bh3 Qf2 21. Rg1 Bf8 22. Rg4 O-O-O 23. Nd1 Qe2 24. Nc3 Qd2 25. Qd1 Bh6 26. Qxd2 Bxd2 27. Nd1 Rh8 28. Rg3 Kd8 29. c3 Ke7 30. Kc2 Bf4 31. Rf3 Bg5 32. b4 Nf8 33. Nf2 Ng6 34. Nd3 b6 35. a4 Rh4 36. a5 Re4 37. a6 Re2+ 38. Kb3 Re3 39. Rxe3 Bxe3 40. b5 Kd7 41. Nb4 Ne7 42. bxc6+ Nxc6 43. Nxd5 Bg5 44. Kc4 Bd8 45. Kb5 Ne7 46. Nf6+ Kc7 47. Ne8+ Kd7 48. Nd6 f5 49. Nf7 Bc7 50. c4 Nc6 51. d5 Nxe5 52. Ng5 exd5 53. Bxf5+ Kd6 54. cxd5 Kxd5 55. Be4+ Kd4 56. Bb7 1-0


[Site "https://www.chess.com"]

[Event "Titled Tuesday Blitz November 01 Late 2022"]
[White "McConnell, Griffin"]
[Black "Urbina Perez, Juan Antonio"]
[WhiteFideId "30942551"]
[BlackFideId "2217368"]
[WhiteElo "2328"]
[BlackElo "2197"]
[Result "0-1"]
[Round "10"]
[TimeControl "180+1"]
[Date "2022.11.02"]
[WhiteClock "0:00:16"]
[BlackClock "0:01:03"]

1. e4 d5 2. exd5 Qxd5 3. Nc3 Qd8 4. Nge2 Nf6 5. d3 b6 6. g3 Bb7 7. Rg1 e6 8. Be3 Ng4 9. Bg2 Bxg2 10. Rxg2 Nxe3 11. fxe3 Nd7 12. Qd2 Qg5 13. e4 Be7 14. Qxg5 Bxg5 15. Nd4 c5 16. Nf3 Bh6 17. Ke2 O-O 18. Rf1 Rac8 19. h4 f6 20. Nh2 g6 21. g4 Bg7 22. Nf3 Nb8 23. Nd1 Rcd8 24. Ne3 Nc6 25. c3 Rd7 26. a4 Rfd8 27. Rd1 e5 28. Nd5 Ne7 29. Nxe7+ Rxe7 30. g5 f5 31. Rgg1 Red7 32. Rgf1 f4 33. Ne1 Kf7 34. c4 Ke6 35. Nc2 a6 36. Na3 Bf8 37. Nb1 b5 38. axb5 axb5 39. Nc3 b4 40. Nd5 Ra7 41. Ra1 Rdd7 42. Rh1 Be7 43. Kf3 Bd8 44. Rhb1 Be7 45. Rh1 Bd8 46. Rhb1 Rdb7 47. Rc1 b3 48. Rd1 Ra2 49. Rxa2 bxa2 50. Ra1 Rxb2 51. Nc3 Rh2 52. Rxa2 Rxh4 53. Ra6+ Kd7 54. Ra7+ Kc6 55. Nd5 Rh3+ 56. Ke2 Bxg5 57. Rc7+ Kd6 58. Rc8 Rh2+ 59. Kf3 Rh3+ 60. Ke2 f3+ 61. Kf2 Bh4+ 62. Kf1 Rh1# 0-1


[Site "https://www.chess.com"]

[Event "Titled Tuesday Blitz November 01 Late 2022"]
[White "Mekhitarian, Krikor Sevag"]
[Black "Golubova, Anna"]
[WhiteFideId "2107660"]
[BlackFideId "24173606"]
[WhiteElo "2614"]
[BlackElo "2047"]
[Result "1-0"]
[Round "10"]
[TimeControl "180+1"]
[Date "2022.11.02"]
[WhiteClock "0:01:26"]
[BlackClock "0:00:23"]

1. Nf3 g6 2. c4 Bg7 3. Nc3 d6 4. d4 Nf6 5. Bg5 O-O 6. e3 Nbd7 7. Be2 e5 8. O-O c6 9. b4 Qc7 10. Rc1 Re8 11. a4 a6 12. Bh4 Nf8 13. c5 e4 14. cxd6 Qxd6 15. Nd2 Qxb4 16. Bxf6 Bxf6 17. Ncxe4 Bg7 18. Nc5 Ne6 19. Rb1 Qa5 20. Ndb3 Qc7 21. a5 Nxc5 22. Nxc5 Qxa5 23. Nxb7 Bxb7 24. Rxb7 Rab8 25. Qb3 Rxb7 26. Qxb7 Bxd4 27. Bc4 Qf5 28. exd4 a5 29. Qxc6 Rd8 30. d5 Qe4 31. Ba2 a4 32. Qc7 Re8 33. d6 Qe2 34. Qxf7+ Kh8 35. Qf6# 1-0


[Site "https://www.chess.com"]

[Event "Titled Tuesday Blitz November 01 Late 2022"]
[White "Melikhov, Evgeny V."]
[Black "Averjanov, Alexey"]
[WhiteFideId "4122046"]
[BlackFideId "14109867"]
[WhiteElo "2169"]
[BlackElo "2633"]
[Result "0-1"]
[Round "10"]
[TimeControl "180+1"]
[Date "2022.11.02"]
[WhiteClock "0:00:01"]
[BlackClock "0:01:43"]

1. d4 d5 2. c4 dxc4 3. Nf3 Nf6 4. e3 e6 5. Bxc4 a6 6. a4 c5 7. O-O Nc6 8. Qe2 cxd4 9. Rd1 Be7 10. exd4 O-O 11. Nc3 Nb4 12. Bf4 b6 13. Ne5 Bb7 14. Rac1 Nfd5 15. Bd2 Bg5 16. Ne4 Bxd2 17. Qxd2 a5 18. Bb5 Qe7 19. Nc6 Bxc6 20. Bxc6 Nxc6 21. Rxc6 Rac8 22. Rdc1 Qd7 23. Rxc8 Rxc8 24. Rxc8+ Qxc8 25. h3 Qc4 26. Nc3 Nxc3 27. Qxc3 Qxc3 28. bxc3 Kf8 29. c4 Ke7 30. f4 Kf6 31. Kf2 h5 32. g4 hxg4 33. hxg4 g5 34. c5 bxc5 35. dxc5 gxf4 36. Kf3 e5 37. Ke4 Ke6 38. g5 Kd7 39. Kxe5 f3 0-1


[Site "https://www.chess.com"]

[Event "Titled Tuesday Blitz November 01 Late 2022"]
[White "Melkumyan, Hrant"]
[Black "Sjugirov, Sanan"]
[WhiteFideId "13302485"]
[BlackFideId "4189302"]
[WhiteElo "2604"]
[BlackElo "2609"]
[Result "1-0"]
[Round "10"]
[TimeControl "180+1"]
[Date "2022.11.01"]
[WhiteClock "0:00:13"]
[BlackClock "0:00:02"]

1. d4 d5 2. c4 e6 3. Nc3 Nf6 4. cxd5 exd5 5. Bg5 c6 6. e3 h6 7. Bh4 Be7 8. Bd3 O-O 9. Bg3 Re8 10. h3 Bb4 11. Ne2 Ne4 12. O-O Nxg3 13. Nxg3 Nd7 14. Qc2 Nf6 15. Rae1 Be6 16. a3 Bf8 17. Nce2 Rc8 18. Nf4 Bd7 19. Qd1 Qb6 20. Qb1 c5 21. dxc5 Bxc5 22. Nfe2 a5 23. Bf5 Bxf5 24. Nxf5 Ne4 25. Rd1 Rcd8 26. Nfd4 Bd6 27. Rd3 Be5 28. Nc3 Qg6 29. Rfd1 Ng5 30. Kf1 Ne4 31. Nf3 Bxc3 32. bxc3 b6 33. Kg1 Qf6 34. Qb2 Rc8 35. Rxd5 Nxc3 36. Qb3 Nxd5 37. Rxd5 Red8 38. Rb5 Rc1+ 39. Kh2 Qd6+ 40. Ne5 Rf8 41. Rd5 Qe6 42. Qd3 Rc3 43. Qd4 Rxa3 44. Rd6 Qf5 45. Ng4 h5 46. Rd5 Qg6 47. Ne5 Qf6 48. f4 Ra2 49. Qc4 Rb2 50. Nd7 Qg6 51. Rg5 Qc2 52. Nf6+ Kh8 53. Rxh5+ 1-0


[Site "https://www.chess.com"]

[Event "Titled Tuesday Blitz November 01 Late 2022"]
[White "Mendez Fortes, Eduardo Jesus"]
[Black "Sargsyan, Anna M."]
[WhiteFideId "3502376"]
[BlackFideId "13308130"]
[WhiteElo "2307"]
[BlackElo "2284"]
[Result "1-0"]
[Round "10"]
[TimeControl "180+1"]
[Date "2022.11.02"]
[WhiteClock "0:01:39"]
[BlackClock "0:00:03"]

1. e4 c6 2. d4 d5 3. Nc3 dxe4 4. Nxe4 Nd7 5. Nf3 Ngf6 6. Nxf6+ Nxf6 7. Ne5 Bf5 8. c3 e6 9. g4 Bg6 10. h4 Nd7 11. h5 Nxe5 12. dxe5 Qxd1+ 13. Kxd1 Be4 14. Rh3 h6 15. Be3 O-O-O+ 16. Ke1 b6 17. Bc4 Be7 18. a4 Kb7 19. f3 Bd5 20. Be2 c5 21. a5 Bc6 22. Kf2 Rd5 23. f4 Rhd8 24. Rhh1 R5d7 25. axb6 axb6 26. Rhd1 Be4 27. Rxd7+ Rxd7 28. Bf3 Bxf3 29. Kxf3 Kc6 30. Ke4 Kb7 31. f5 Bd8 32. f6 gxf6 33. exf6 Bxf6 34. Bxh6 Rd8 35. Bf4 Rg8 36. Rg1 Be7 37. g5 Kc6 38. h6 Bd6 39. Rd1 Bxf4 40. Kxf4 Rh8 41. Ke5 Rg8 42. Rg1 Rg6 43. h7 f6+ 44. Ke4 f5+ 45. Ke5 1-0


[Site "https://www.chess.com"]

[Event "Titled Tuesday Blitz November 01 Late 2022"]
[White "Mesa Cruz, Juan Carlos"]
[Black "Ismayil, Malak"]
[WhiteFideId "6423400"]
[BlackFideId "13412604"]
[WhiteElo "2059"]
[BlackElo "1879"]
[Result "0-1"]
[Round "10"]
[TimeControl "180+1"]
[Date "2022.11.02"]
[WhiteClock "0:00:06"]
[BlackClock "0:00:14"]

1. e4 e5 2. Nf3 Nc6 3. Bc4 Bc5 4. c3 Nf6 5. d3 O-O 6. O-O d6 7. a4 a6 8. Nbd2 h6 9. Re1 Be6 10. Bxe6 fxe6 11. Nf1 Qd7 12. a5 Rae8 13. Qb3 Nd8 14. d4 exd4 15. cxd4 Ba7 16. Bd2 Kh8 17. Rac1 d5 18. Ng3 Nf7 19. Bb4 Rg8 20. Bc5 Bxc5 21. Rxc5 c6 22. Nh4 g5 23. Nf3 g4 24. Ne5 Nxe5 25. dxe5 Nh7 26. Qe3 Rg5 27. Ne2 Rxe5 28. Qxh6 Rxe4 29. Kf1 Qg7 30. Qd2 Rf8 0-1


[Site "https://www.chess.com"]